 Dungeon Crawl Stone Soup version 0.30-a0-223-gcb0039aa0c (webtiles) character file.

Game seed: 854740122312627525

222 tatocazan the Chopper (level 5, -2/42 HPs)
             Began as a Demonspawn Berserker on Oct 10, 2022.
             Was a Believer of Trog.
             Killed by nerve-wracking pain
             ... invoked by Grinder
              (14 damage)
             ... on level 3 of the Dungeon.
             The game lasted 00:03:15 (2514 turns).

tatocazan the Chopper (Demonspawn Berserker)        Turns: 2514, Time: 00:03:15

Health: -2/42      AC: 13    Str: 20    XL:     5   Next: 66%
Magic:  5/5        EV: 10    Int:  8    God:    Trog [**....]
Gold:   149        SH:  0    Dex: 12    Spells: 4/4 levels left

rFire   . . .      SeeInvis .    a - +0 hand axe
rCold   . . .      Faith    .    (no shield)
rNeg    . . .      Spirit   .    s - +0 scale mail
rPois   .          Reflect  .    (no helmet)
rElec   .          Harm     .    (no cloak)
rCorr   .          Rampage  .    (no gloves)
Will    .....                    (no boots)
Stlth   ..........               (no amulet)
HPRegen 0.27/turn                f - +4 ring of protection
MPRegen 0.09/turn                (no ring)

@: on berserk cooldown
A: yellow scales 2, powered by death 1
a: Renounce Religion, Berserk, Trog's Hand


You were on level 3 of the Dungeon.
You worshipped Trog.
Trog was pleased with you.
You visited 1 branch of the dungeon, and saw 3 of its levels.

You collected 149 gold pieces.

Inventory:

Hand Weapons
 a - a +0 hand axe (weapon)
Armour
 b - a +0 animal skin
 s - a +0 scale mail (worn)
Jewellery
 f - a +4 ring of protection (left hand)
 i - a +6 ring of intelligence
 m - a +4 ring of slaying
 r - a ring of resist corrosion
Scrolls
 d - 3 scrolls of identify {unknown}
 e - a scroll of acquirement {unknown}
 j - a scroll of teleportation {unknown}
 l - 2 scrolls of vulnerability {unknown}
 q - a scroll of fear {unknown}
 t - a scroll of enchant weapon {unknown}
 u - a scroll of butterflies {unknown}
Potions
 c - a potion of magic {unknown}
 g - a potion of cancellation {unknown}
 k - 2 potions of heal wounds {unknown}
 n - 3 potions of haste {unknown}
 o - a potion of berserk rage {unknown}
 p - a potion of lignification {unknown}


   Skills:
 + Level 3.9 Fighting
 * Level 4.3 Axes
 + Level 2.8 Armour
 + Level 2.8 Dodging


You had 4 spell levels left.
You didn't know any spells.
Your spell library was empty.

Dungeon Overview and Level Annotations

Branches:
Dungeon (3/15)

Altars:

Annotations:
D:3 Grinder


Innate Abilities, Weirdness & Mutations

You are mostly covered in yellow scales. (AC +3)
You regenerate a little health from kills.


Message History

You closely miss Grinder.
Grinder is almost dead.
Grinder hits you but does no damage.
You closely miss Grinder.
Grinder is almost dead.
You feel yourself speed up. Grinder hits you but does no damage. x2
You hit Grinder.
Grinder is almost dead.
Grinder hits you!
* * * LOW HITPOINT WARNING * * *
You writhe in agony.
* * * LOW HITPOINT WARNING * * *
You take 12 damage, and have 2/42 hp.
MASSIVE DAMAGE!!
Okay, then.
You feel better. Grinder gestures at you. You resist with significant effort.
You regained 10 hp, and now have 12/42 hp.
You hit Grinder.
Grinder is almost dead.
Grinder hits you but does no damage.
You barely miss Grinder. You punch Grinder.
Grinder is almost dead.
Grinder gestures at you. You resist with significant effort.
You closely miss Grinder.
Grinder is almost dead.
Grinder blinks!
Grinder hits you but does no damage.
You barely miss Grinder.
Grinder is almost dead.
Grinder hits you.
* * * LOW HITPOINT WARNING * * *
You take 2 damage, and have 12/42 hp.
You closely miss Grinder.
Grinder is almost dead.
Grinder gestures at you. Pain shoots through your body!
You die...

##.#.....# #.###.#
.###'#.....# #.....#
.....).....# ##.#####
........###########..#
.........# #.....#..#####.
.........## #.....#.........
............#...†.'.######.#
........###......5###
........#...>...@.#
........#.###.....# #.....#
#.....# #.....# #######


You could see Grinder.

Vanquished Creatures
  A jelly (D:3)
  2 hounds (D:3)
  An orc priest (D:2)
  Terence (D:3)
  2 adders
  A dart slug (D:2)
  3 orcs (D:2)
  3 ball pythons
  7 endoplasms
  A giant cockroach (D:3)
  5 goblins
  5 hobgoblins
  2 jackals (D:2)
  6 kobolds
  2 quokkas (D:2)
  6 bats
  A frilled lizard (D:2)
  7 rats
56 creatures vanquished.

Notes
Turn   | Place    | Note
-------+----------+-------------------------------------------
     0 | D:1      | tatocazan the Demonspawn Berserker began the quest for the
                  | Orb.
     0 | D:1      | Reached XP level 1. HP: 18/18 MP: 1/1
   489 | D:1      | Found a faded altar of an unknown god.
   780 | D:1      | Gained mutation: You are partially covered in yellow
                  | scales. (AC +2) [demonic ancestry]
   780 | D:1      | Reached XP level 2. HP: 21/24 MP: 2/2
   918 | D:2      | Reached skill level 3 in Axes
  1087 | D:2      | Gained mutation: You are mostly covered in yellow scales.
                  | (AC +3) [demonic ancestry]
  1087 | D:2      | Reached XP level 3. HP: 23/29 MP: 3/3
  1322 | D:2      | Reached ** piety under Trog
  1679 | D:2      | Reached XP level 4. HP: 35/35 MP: 4/4
  1848 | D:3      | Noticed Terence
  1859 | D:3      | Killed Terence
  2018 | D:3      | Reached skill level 4 in Axes
  2018 | D:3      | Gained mutation: You regenerate a little health from kills.
                  | [demonic ancestry]
  2018 | D:3      | Reached XP level 5. HP: 38/42 MP: 5/5
  2467 | D:3      | Noticed Grinder
  2500 | D:3      | Paralysed by Grinder for 4 turns
  2506 | D:3      | HP: 2/42 [Grinder (5)]
  2514 | D:3      | Killed from afar by Grinder

Illustrated notes

Levels and vault maps discovered:
D:1:      psy_arrival_spokes, layout_basic, dreamdust_ecumenical_altar_statues
D:2:      layout_loops_corners, serial_forest, infiniplex_forest_corner_1,
          infiniplex_forest_lined_3_way, infiniplex_forest_lined_1,
          infiniplex_forest_lined_room_, infiniplex_forest_end_1,
          infiniplex_forest_straight_3, infiniplex_forest_lined_2
D:3:      layout_basic, uniq_grinder, uniq_terence

Skill      XL: |  1  2  3  4 |
---------------+-------------+-----
Axes           | 3 4 |  4.3
Armour         | 2 |  2.8
Dodging        | 2 |  2.8
Fighting       | |  3.9

Action                   |  1- 3 |  4- 6 || total
-------------------------+-------+-------++-------
Melee: Hand axe          |   111 |   116 ||   227
       Punch             |     1 |     4 ||     5
Invok: Berserk           |       |     2 ||     2
       Trog's Hand       |       |     1 ||     1
  Use: Potion            |       |     3 ||     3
Armor: Animal skin       |    43 |     6 ||    49
       Scale mail        |       |    54 ||    54
Dodge: Dodged            |    80 |    77 ||   157

Table legend: (Time is in decaauts)
 A = Elapsed time spent in this place.
 B = Non-inter-level travel time spent in this place.
 C = Inter-level travel time spent in this place.
 D = Time resting spent in this place.
 E = Time spent auto-exploring this place.
 F = Levels seen in this place.
 G = Mean time per level.
                   A        B        C        D        E       F      G
               +--------+--------+--------+--------+--------+-----+--------+
         Total |   2558 |   2527 |     31 |    222 |   1787 |   3 |  852.7 |
       Dungeon |   2558 |   2527 |     31 |    222 |   1787 |   3 |  852.7 |
               +--------+--------+--------+--------+--------+-----+--------+

Top non-repeatable levels by time:
     D:2: 954 daAuts
     D:1: 898 daAuts
     D:3: 705 daAuts
